 Dungeon Crawl Stone Soup version 0.31-a0-182-gc5ef74bbde (webtiles) character file.

Game seed: 1607342863304168824

1752 qw the Cleaver (level 9, -3/55 HPs)
             Began as a Gargoyle Fighter on June 21, 2023.
             Was an Initiate of Okawaru.
             Slain by a gnoll
             ... wielding a +1 spear of venom
              (9 damage)
             ... on level 6 of the Dungeon.
             The game lasted 00:02:32 (4836 turns).

qw the Cleaver (Gargoyle Fighter)                   Turns: 4836, Time: 00:02:32

Health: -3/55      AC: 20    Str: 23    XL:     9   Next: 6%
Magic:  9/9        EV:  7    Int:  8    God:    Okawaru [......]
Gold:   343        SH:  4    Dex:  9    Spells: 8/8 levels left

rFire   . . .        Y - +2 war axe
rCold   . . .        c - +0 buckler
rNeg    + . .        e - +0 plate armour
rPois   inf          (no helmet)
rElec   +            h - +0 cloak
rCorr   .            (no gloves)
SInv    .            (no boots)
Will    .....        s - amulet of the acrobat Stlth
                     (no ring)
HPRegen 1.09/turn    (no ring)
MPRegen 0.11/turn

%: acrobat
@: about to teleport
A: sickness immunity, AC +6, negative energy resistance 1, electricity
resistance, torment resistance 1, petrification resistance, dopey 1,
regeneration 1
a: Renounce Religion


You were on level 6 of the Dungeon.
You worshipped Okawaru.
Okawaru was noncommittal.
You visited 2 branches of the dungeon, and saw 7 of its levels.

You collected 343 gold pieces.


Innate Abilities, Weirdness & Mutations

You are immune to sickness and miasma.
Your stone body is resilient. (AC +6)
You are immune to poison.
You resist negative energy. (rN+)
You are resistant to electric shocks. (rElec)
You are resistant to unholy torment.
You are immune to petrification.
You are dopey. (Int -2)
Your natural rate of healing is unusually fast.


   Skills:
 + Level 5.9 Fighting
 - Level 8.0 Axes
 - Level 1.3 Throwing
 - Level 6.7 Armour
 - Level 1.2 Dodging
 - Level 3.2 Shields


You had 8 spell levels left.
You didn't know any spells.
Your spell library was empty.

Inventory:

Hand Weapons
 g - the +5 mace of the Maze {drain, rC+ Will+ Int+3}
   (You found it on level 2 of the Dungeon)

   Int:       It affects your intelligence (+3).
   rC:        It protects you from cold.
   Will:      It increases your willpower.
 i - a +0 whip of flaming
 Y - a +2 war axe (weapon)
Missiles
 b - a silver boomerang (quivered)
 j - 4 boomerangs
Armour
 c - a +0 buckler (worn)
 e - a +0 plate armour (worn)
 h - a +0 cloak (worn)
Jewellery
 a - a ring of ice
 p - a ring of fire
 s - an amulet of the acrobat (around neck)
Scrolls
 r - a scroll of identify
 t - 2 scrolls of teleportation
Potions
 d - 2 potions of might
 f - 2 potions of enlightenment
 k - a potion of mutation
 m - 3 potions of curing
 n - a potion of brilliance {unknown}
 o - a potion of lignification {unknown}
 q - a potion of invisibility {unknown}

Dungeon Overview and Level Annotations

Branches:
Dungeon (6/15)             Temple (1/1) D:5

Altars:
Ashenzari
Cheibriados
Dithmenos
Elyvilon
Fedhas
Gozag
Kikubaaqudgha
Nemelex Xobeh
Okawaru
Qazlal
Ru
Sif Muna
Trog
Vehumet
Xom
Yredelemnul
Zin
The Shining One

Annotations:
D:4 1 runed translucent door, Crazy Yiuf


Message History

Okawaru accepts your kill. The gnoll hits you but does no damage.
The gnoll barely misses you.
You barely miss the adder. The adder bites you but does no damage.
A hound comes into view.
The gnoll hits you from afar with a +1 spear of venom.
The gnoll barely misses you.
You hit the adder.
The adder is lightly wounded.
The adder bites you but does no damage. The gnoll barely misses you.
The gnoll completely misses you. The adder bites you but does no damage.
You hit the adder.
The adder is lightly wounded.
The gnoll hits you but does no damage. The adder bites you but does no damage.
The gnoll hits you but does no damage.
You slash the adder!
You kill the adder!
Okawaru accepts your kill. You block the gnoll's attack.
The gnoll hits you from afar with a +1 spear of venom.
The hound bites you but does no damage.
You barely miss the hound. The hound bites you but does no damage.
The gnoll hits you but does no damage. x2
The hound closely misses you.
You slash the hound!
The hound is almost dead.
The gnoll barely misses you. The gnoll closely misses you.
The hound bites you but does no damage.
You slash the hound!
You kill the hound!
Okawaru accepts your kill. The gnoll hits you but does no damage.
The gnoll hits you from afar with a +1 spear of venom!
The gnoll hits you from afar with a +1 spear of venom.
The gnoll barely misses you.
4836 ||| READING 3 scrolls of teleportation.
As you read the scroll of teleportation, it crumbles to dust.
You feel strangely unstable.
The gnoll hits you from afar with a +1 spear of venom!
You die...

##.....######....
~~~7PP~
.............#....
P.~~7~~
.............# ...
.P.PP7~
.............#
..#P.PP
...#####.....+
#..~P .>. #.....#
#.... .. #.....#
#.... #.....#
#.... #..)@.#
##### #..)))#
......g.g#
.........'
.........#.
.........#..
.........# +#
+#........


You could see 2 gnolls.

Vanquished Creatures
  Pikel (D:5)
  Sigmund (D:4)
  A centaur (D:5)
  3 lemures (D:5)
  2 phantoms (D:5)
  2 scorpions
  3 electric eels (D:6)
  A howler monkey (D:6)
  2 orc priests (D:6)
  7 hounds
  A sleepcap (D:5)
  5 iguanas
  Ijyb (D:4)
  An orc wizard (D:6)
  3 adders
  6 gnolls
  3 worms
  5 dart slugs
  4 orcs
  2 bats (D:3)
  15 endoplasms
  7 goblins
  6 hobgoblins
  3 jackals (D:1)
  3 quokkas
  9 ball pythons
  4 frilled lizards
  7 kobolds
  6 rats
114 creatures vanquished.

Notes
Turn   | Place    | Note
-------+----------+-------------------------------------------
     0 | D:1      | qw the Gargoyle Fighter began the quest for the Orb.
     0 | D:1      | Reached XP level 1. HP: 14/14 MP: 1/1
     0 | D:1      | 0 ||| qw: Version: 0.3-a-9-g12657ce
     0 | D:1      | 0 ||| qw: Game counter: 1568
     0 | D:1      | 0 ||| qw: Always use a shield: true
     0 | D:1      | 0 ||| qw: God list: Okawaru
     0 | D:1      | 0 ||| qw: Allow faded altars: false
     0 | D:1      | 0 ||| qw: Do Orc after D:15 true
     0 | D:1      | 0 ||| qw: Do second Lair branch before Depths: true
     0 | D:1      | 0 ||| qw: Lair rune preference: random
     0 | D:1      | 0 ||| qw: Plans: Normal, Zot:1-4, Slime:5, God:TSO, Crypt,
                  | Tomb, Abyss, Pan, Hells, Win
     0 | D:1      | 0 ||| PLANNING D:1-11
    35 | D:1      | Reached skill level 2 in Axes
   149 | D:1      | 149 ||| Stepping ~*~*~tactically~*~*~ (hiding).
   224 | D:1      | Reached XP level 2. HP: 17/19 MP: 2/2
   280 | D:1      | 280 ||| Stepping ~*~*~tactically~*~*~ (hiding).
   453 | D:1      | 453 ||| Stepping ~*~*~tactically~*~*~ (hiding).
   484 | D:1      | 484 ||| Stepping ~*~*~tactically~*~*~ (hiding).
   486 | D:1      | 486 ||| Stepping ~*~*~tactically~*~*~ (hiding).
   492 | D:1      | Reached skill level 3 in Axes
   533 | D:1      | 533 ||| Stepping ~*~*~tactically~*~*~ (hiding).
   542 | D:1      | Reached XP level 3. HP: 23/23 MP: 3/3
   590 | D:1      | 590 ||| Stepping ~*~*~tactically~*~*~ (stealth).
   591 | D:1      | 591 ||| Stepping ~*~*~tactically~*~*~ (stealth).
   863 | D:1      | 863 ||| UPGRADING to +0 cloak.
   868 | D:1      | 868 ||| READING scroll labelled YSU OGEGOLYNN.
   869 | D:1      | 869 ||| READING scroll labelled SONECANILOI.
   870 | D:1      | 870 ||| READING scroll labelled MEXZOZ TEDYCUTOR.
  1110 | D:2      | Identified the +5 mace of the Maze {drain, rC+ Will+ Int+3}
  1172 | D:2      | Found a white marble altar of Elyvilon.
  1808 | D:2      | 1808 ||| UPGRADING to +0 plate armour.
  1818 | D:2      | 1818 ||| DROPPING +0 scale mail.
  1819 | D:2      | 1819 ||| UPGRADING to amulet of the acrobat.
  1824 | D:2      | 1824 ||| READING scroll labelled HYIRET POALE.
  1827 | D:2      | 1827 ||| READING scroll labelled NOSTOAQUTO.
  1828 | D:2      | 1828 ||| READING scroll labelled SICHIL KIDUFRE.
  1829 | D:2      | 1829 ||| READING scroll labelled WIJAITZ FECOMI.
  1830 | D:2      | 1830 ||| DRINKING 2 metallic inky potions.
  1830 | D:2      | Gained mutation: You are dopey. (Int -2) [potion of
                  | mutation]
  1830 | D:2      | Gained mutation: Your natural rate of healing is unusually
                  | fast. [potion of mutation]
  1831 | D:2      | 1831 ||| DRINKING 3 fizzy amethyst potions.
  1905 | D:3      | Identified the +2 robe of Plog {rN++ Str+2 Stlth-}
  2147 | D:3      | Reached XP level 4. HP: 28/28 MP: 4/4
  2229 | D:3      | Reached skill level 4 in Axes
  2250 | D:3      | 2250 ||| Stepping ~*~*~tactically~*~*~ (stealth).
  2253 | D:3      | 2253 ||| Stepping ~*~*~tactically~*~*~ (hiding).
  2341 | D:3      | Found a faded altar of an unknown god.
  2354 | D:3      | 2354 ||| Stepping ~*~*~tactically~*~*~ (stealth).
  2400 | D:3      | Found a glowing golden altar of the Shining One.
  2469 | D:3      | 2469 ||| READING scroll labelled OTISEVVIENT.
  2470 | D:3      | 2470 ||| READING 3 scrolls of identify.
  2470 | D:3      | 2470 ||| IDENTIFYING smoky orange potion
  2471 | D:3      | 2471 ||| READING 2 scrolls of identify.
  2471 | D:3      | 2471 ||| IDENTIFYING sedimented white potion
  2472 | D:3      | 2472 ||| DROPPING potion of degeneration.
  2522 | D:4      | Reached XP level 5. HP: 32/32 MP: 5/5
  2548 | D:4      | 2548 ||| Stepping ~*~*~tactically~*~*~ (hiding).
  2571 | D:4      | Reached skill level 5 in Axes
  2678 | D:4      | Found a stormy altar of Qazlal.
  2701 | D:4      | Noticed Sigmund
  2701 | D:4      | Noticed Ijyb
  2702 | D:4      | 2702 ||| Stepping ~*~*~tactically~*~*~ (stealth).
  2704 | D:4      | 2704 ||| DRINKING 3 potions of curing.
  2704 | D:4      | 2704 ||| (to cure confusion)
  2717 | D:4      | Killed Ijyb
  2718 | D:4      | Reached skill level 1 in Throwing
  2726 | D:4      | Killed Sigmund
  2727 | D:4      | Reached XP level 6. HP: 40/40 MP: 6/6
  3001 | D:4      | Reached XP level 7. HP: 44/44 MP: 7/7
  3162 | D:4      | Found a runed translucent door.
  3163 | D:4      | Noticed Crazy Yiuf
  3166 | D:4      | 3166 ||| READING scroll labelled YWELINISOJ.
  3167 | D:4      | 3167 ||| READING 2 scrolls labelled TIUPREYVAU.
  3168 | D:4      | 3168 ||| READING 2 scrolls of identify.
  3168 | D:4      | 3168 ||| IDENTIFYING lumpy black potion
  3169 | D:4      | 3169 ||| DROPPING potion of ambrosia.
  3170 | D:4      | 3170 ||| DROPPING scroll of fog.
  3189 | D:5      | Entered Level 5 of the Dungeon
  3237 | D:5      | Reached skill level 6 in Axes
  3253 | D:5      | Noticed Pikel
  3254 | D:5      | 3254 ||| Stepping ~*~*~tactically~*~*~ (stealth).
  3312 | D:5      | HP: 9/44 [lemure[Pikel] (4)]
  3313 | D:5      | 3313 ||| READING scroll of teleportation.
  3314 | D:5      | 3314 ||| DRINKING potion of heal wounds.
  3338 | D:5      | Killed Pikel
  3339 | D:5      | Reached skill level 6 in Armour
  3339 | D:5      | Reached XP level 8. HP: 49/49 MP: 8/8
  3343 | D:5      | 3343 ||| DROPPING +0 club.
  3392 | D:5      | 3392 ||| Stepping ~*~*~tactically~*~*~ (hiding).
  3595 | D:5      | 3595 ||| Stepping ~*~*~tactically~*~*~ (hiding).
  3646 | D:5      | 3646 ||| Stepping ~*~*~tactically~*~*~ (stealth).
  3658 | D:5      | Reached skill level 7 in Axes
  3791 | D:5      | Found a staircase to the Ecumenical Temple.
  3792 | D:5      | 3792 ||| PLANNING TEMPLE
  3792 | D:5      | 3792 ||| READING scroll labelled HOYZOMP JEOCKO.
  3793 | D:5      | 3793 ||| DRINKING 2 bubbling orange potions.
  3802 | Temple   | Entered the Ecumenical Temple
  3838 | Temple   | 3838 ||| PLANNING OKAWARU WORSHIP
  3960 | Temple   | Became a worshipper of Warmaster Okawaru
  3961 | Temple   | 3961 ||| PLANNING D:1-11
  4029 | D:5      | Reached skill level 1 in Dodging
  4256 | D:5      | 4256 ||| READING scroll labelled QUAGRUBREZAMM.
  4257 | D:5      | 4257 ||| READING 2 scrolls labelled FIRIXKI DENEPN.
  4258 | D:5      | 4258 ||| DROPPING scroll of revelation.
  4332 | D:6      | 4332 ||| READING scroll of enchant weapon.
  4332 | D:6      | 4332 ||| ENCHANTING +1 war axe.
  4371 | D:6      | 4371 ||| Stepping ~*~*~tactically~*~*~ (hiding).
  4372 | D:6      | 4372 ||| Stepping ~*~*~tactically~*~*~ (hiding).
  4375 | D:6      | 4375 ||| Stepping ~*~*~tactically~*~*~ (hiding).
  4376 | D:6      | 4376 ||| Stepping ~*~*~tactically~*~*~ (hiding).
  4377 | D:6      | 4377 ||| Stepping ~*~*~tactically~*~*~ (hiding).
  4487 | D:6      | 4487 ||| Stepping ~*~*~tactically~*~*~ (stealth).
  4494 | D:6      | 4494 ||| Stepping ~*~*~tactically~*~*~ (hiding).
  4675 | D:6      | 4675 ||| Stepping ~*~*~tactically~*~*~ (stealth).
  4821 | D:6      | Reached skill level 8 in Axes
  4823 | D:6      | Reached XP level 9. HP: 26/54 MP: 9/9
  4835 | D:6      | HP: 10/55 [gnoll/+1 spear of venom (9)]
  4836 | D:6      | 4836 ||| READING 3 scrolls of teleportation.
  4836 | D:6      | Slain by a gnoll

Levels and vault maps discovered:
D:1:      amcnicky_arrival_single_pillar, layout_loops_ring, minmay_tromino_i4
D:2:      layout_basic, basic_altar, serial_aquarium, aquarium_bridge_square
          [aquarium_subvault_wall, aquarium_subvault_bridge,
          aquarium_subvault_wall, aquarium_subvault_wall], aquarium_window_2,
          aquarium_window_1, aquarium_view_2e, aquarium_view_2b,
          aquarium_balcony_double_1, aquarium_pool_four,
          nicolae_figureground_pulse
D:3:      minmay_chambers_of_threes, layout_rooms, lemuel_tele_altar,
          hellmonk_ecumenical_altar_zigzags
D:4:      layout_basic, nicolae_qazlal_general_emergency, uniq_ijyb,
          uniq_sigmund, uniq_crazy_yiuf_cottage
D:5:      kennysheep_spiral_hall, layout_loops_ring,
          minmay_temple_entry_poolview, uniq_pikel
D:6:      layout_gridville, serial_shops, nicolae_shop_stone, fountainhead,
          serial_bayou_lagoon_a
Temple:   eino_temple_rhombus

Skill      XL: |  1  2  3  4  5  6  7  8 |
---------------+-------------------------+-----
Axes           | 2 3 4 5 6 8 |  8.0
Throwing       | 1 |  1.3
Fighting       | 5 |  5.9
Armour         | 6 |  6.7
Dodging        | 1 |  1.2
Shields        | |  3.2

Action                     |  1- 3 |  4- 6 |  7- 9 || total
---------------------------+-------+-------+-------++-------
  Melee: War axe           |   151 |    99 |   143 ||   393
  Throw: Boomerang         |       |    24 |    39 ||    63
    Use: Scroll            |     7 |     3 |     9 ||    19
         Potion            |     2 |     1 |     2 ||     5
 Armour: Scale mail        |    42 |       |       ||    42
         Plate armour      |    28 |    56 |   136 ||   220
  Dodge: Dodged            |    49 |    21 |    62 ||   132
  Block: Buckler           |    23 |    18 |    30 ||    71

Table legend:
 A = Non-vault XP
 B = Vault XP
 C = Vault XP percentage of total XP
 D = Non-vault monster count
 E = Vault monster count
 F = Vault count percentage of total count
                 A         B        C        D         E       F
            +---------+---------+-------+---------+---------+-------
      Total |    1429 |    1074 |  42.9 |      90 |      21 |  18.9
            +---------+---------+-------+---------+---------+-------
        D:1 |      50 |       3 |   5.7 |      28 |       2 |   6.7
        D:2 |      10 |       0 |   0.0 |       5 |       0 |   0.0
        D:3 |      31 |      37 |  54.4 |      15 |      12 |  44.4
        D:4 |     239 |     250 |  51.1 |      15 |       2 |  11.8
        D:5 |     469 |     784 |  62.6 |       9 |       5 |  35.7
        D:6 |     630 |       0 |   0.0 |      18 |       0 |   0.0
            +---------+---------+-------+---------+---------+-------
